AoeStats
← ckick123

Arena

510840202Analyzed
3v3 RM · 17h ago on Oct 2, 2026· 46m 55s· 6 players
Game mode
Random Map
Map size
Normal (6 player)
Population
200
Speed
Normal
Resources
Standard
Victory
Conquest
Starting age
Dark Age
Ending age
Imperial Age
RankedLock teamsTeams togetherTeam positionsShared explorationLock speedFull tech treeHidden civsTurbo modeCheats
Victory
Defeat
🇹🇷 Bulgarians · Türkiye
1020
+15
🇹🇷 Persians · Türkiye
978
+16
🇺🇸 Celts · United States
963
+17
🇳🇱 Persians · Netherlands
1022
-17
🇳🇱 Goths · Netherlands
1002
-17
🇳🇱 Turks · Netherlands
937
-14
Cobabri
11:15 Feudal Age
16:58 Castle Age
15:38 Double-Bit Axe
17:28 Gold Mining
23:33 Imperial Age
22:18 Horse Collar
25:30 Fortified Wall
27:43 Padded Archer Armor
30:17 Ballistics
30:15 Leather Archer Armor
35:51 Wheelbarrow
35:28 Man-at-Arms
36:37 Long Swordsman
FaintBoulange
3:28 Loom
11:18 Feudal Age
16:57 Castle Age
17:51 Wheelbarrow
17:00 Horse Collar
17:51 Double-Bit Axe
38:16 Imperial Age
35:39 Pikeman
35:43 Elite Skirmisher
36:33 Heavy Plow
36:44 Scale Mail Armor
36:55 Forging
38:20 Squires
38:38 Chain Mail Armor
38:59 Iron Casting
38:45 Husbandry
39:03 Halberdier
40:57 Theocracy
41:02 Plate Mail Armor
41:41 Block Printing
42:48 Bloodlines
42:59 Cavalier
45:08 Scale Barding Armor
44:29 Light Cavalry
45:54 Hand Cart
CostaDosTres
11:50 Feudal Age
16:57 Castle Age
14:44 Loom
15:37 Double-Bit Axe
15:34 Horse Collar
19:50 Bow Saw
20:05 Heavy Plow
26:36 Gold Mining
26:36 Stone Mining
27:54 Wheelbarrow
30:21 Scale Mail Armor
30:32 Forging
31:04 Hand Cart
31:38 Chain Mail Armor
30:46 Man-at-Arms
30:46 Pikeman
31:27 Squires
34:17 Imperial Age
31:43 Long Swordsman
33:03 Iron Casting
32:25 Town Watch
33:01 Anarchy
34:12 Town Patrol
34:21 Halberdier
36:15 Blast Furnace
34:43 Two-Handed Swordsman
36:23 Champion
37:33 Conscription
37:23 Elite Huskarl
38:04 Perfusion
38:25 Fletching
38:35 Padded Archer Armor
39:15 Crop Rotation
40:13 Two-Man Saw
40:10 Bodkin Arrow
40:30 Leather Archer Armor
ckick123
7:45 Loom
9:39 Feudal Age
10:15 Double-Bit Axe
10:13 Horse Collar
18:08 Castle Age
20:51 Bow Saw
21:02 Heavy Plow
22:21 Wheelbarrow
23:54 Devotion
28:24 Imperial Age
26:54 Scale Barding Armor
29:28 Conscription
29:24 Husbandry
31:13 Elite War Elephant
33:44 Chain Barding Armor
33:35 Forging
34:36 Plate Barding Armor
35:09 Faith
37:37 Hand Cart
39:33 Town Watch
40:55 Two-Man Saw
40:49 Crop Rotation
42:08 Town Patrol
JohnWick
0:54 Loom
11:26 Feudal Age
12:42 Wheelbarrow
11:55 Double-Bit Axe
11:52 Horse Collar
12:03 Stone Mining
19:22 Castle Age
17:16 Gold Mining
20:29 Hand Cart
20:30 Bow Saw
20:57 Gold Shaft Mining
20:23 Heavy Plow
29:10 Imperial Age
26:28 Town Watch
27:40 Ballistics
29:43 Capped Ram
34:27 Siege Engineers
35:24 Chemistry
35:20 Heavy Scorpion
43:11 Furor Celtica
44:37 Caravan
NELMAN
7:05 Loom
10:34 Feudal Age
15:58 Castle Age
14:36 Scale Mail Armor
15:29 Forging
15:43 Double-Bit Axe
15:56 Arson
16:44 Gambesons
18:58 Chain Mail Armor
20:13 Iron Casting
24:31 Wheelbarrow
28:44 Hand Cart
28:26 Stone Mining
28:30 Gold Mining
28:53 Horse Collar
30:45 Heavy Plow
34:05 Imperial Age
32:06 Bow Saw
32:07 Scale Barding Armor
33:11 Chain Barding Armor
34:32 Stone Shaft Mining
34:34 Gold Shaft Mining
34:14 Town Watch
34:21 Fletching
34:41 Husbandry
34:52 Bloodlines
35:24 Plate Barding Armor
35:50 Blast Furnace
35:19 Bodkin Arrow
35:33 Squires
36:05 Conscription
36:41 Town Patrol
36:42 Padded Archer Armor
37:35 Plate Mail Armor
37:06 Bracer
38:22 Leather Archer Armor
37:30 Light Cavalry
38:07 Stirrups
38:44 Thumb Ring
38:03 Elite Skirmisher
39:00 Bagains
38:21 Elite Konnik
40:06 Chemistry
39:27 Ballistics
39:03 Murder Holes
39:19 Masonry
40:30 Siege Engineers
Connection lost

Rejoining the realm…

Still unreachable

The connection could not be restored.

Session expired

The server has moved on; the page needs a fresh start.